 Dungeon Sprint DCSS version 0.31.0-9-g3a7656b989 (webtiles) character file.

Game seed: 5420694489483312706

9 Heoruswealwe the Covered (level 2, -17/28 HPs)
             Began as a Minotaur Fighter on Jan 31, 2024.
             Demolished by an ogre
             ... wielding a +0 giant club
              (23 damage)
             ... in the Dungeon (Sprint IX: "|||||||||||||||||||||||||||||").
             The game lasted 00:00:30 (100 turns).

Heoruswealwe the Covered (Minotaur Fighter)          Turns: 100, Time: 00:00:32

Health: -17/28     AC:  7    Str: 20    XL:     2   Next: 6%
Magic:  1/1        EV:  9    Int:  5    God:
Gold:   0          SH:  4    Dex:  9    Spells: 1/1 levels left

rFire   . . .        a - +0 trident
rCold   . . .        d - +0 buckler
rNeg    . . .        c - +0 scale mail
rPois   .            (helmet restricted)
rElec   .            (no cloak)
rCorr   .            (no gloves)
SInv    .            (no boots)
Will    .....        (no amulet) Stlth
                     (no ring)
HPRegen 0.24/turn    (no ring)
MPRegen 0.07/turn

%: no teleportation
@: no status effects
A: horns 2, retaliatory headbutt
a: no special abilities


You were in the Dungeon.
You visited 1 branch

Inventory:

Hand Weapons
 a - a +0 trident (weapon)
Armour
 c - a +0 scale mail (worn)
 d - a +0 buckler (worn)
Scrolls
 j - a scroll of blinking
Potions
 b - a potion of might
 g - a potion of haste
 h - 2 potions of magic
 i - a potion of berserk rage


   Skills:
 + Level 4.4 Fighting
 * Level 4.3 Polearms
 + Level 4.4 Armour
 - Level 3.6 Shields


You had one spell level left.
You didn't know any spells.
Your spell library was empty.

Dungeon Overview and Level Annotations

Branches:
Dungeon (1/1)

Altars:


Innate Abilities, Weirdness & Mutations

You have a pair of horns on your head.
You reflexively headbutt those who attack you in melee.


Message History

You see here a +0 short sword.
You see here a bat corpse.
You start resting.
HP restored.
You open the door.
An orc, an ufetubus, an ogre, an ice beast and a gnoll come into view.
The orc shouts!
The ufetubus shouts!
The ogre shouts!
The gnoll shouts!
You barely miss the orc. The orc hits you with a +0 hand axe.
You puncture the orc!
You kill the orc!
The ufetubus slips past you! The ufetubus hits you.
The ufetubus hits you but does no damage.
You have reached level 2!
You barely miss the ufetubus. Your headbutt misses the ufetubus.
The ufetubus barely misses you. x2
You puncture the ogre!
The ogre is moderately wounded.
The ufetubus hits you but does no damage. x2
The ogre hits you with a +0 giant club!!
Ouch! That really hurt!
* * * LOW HITPOINT WARNING * * *
The ufetubus hits you but does no damage.
You block the ufetubus's attack.
You feel much better.
The ufetubus hits you but does no damage.
The ufetubus completely misses you.
The ogre hits you with a +0 giant club!!
Ouch! That really hurt!
* * * LOW HITPOINT WARNING * * *
The ufetubus hits you but does no damage.
The ufetubus closely misses you.
You feel better. The ufetubus closely misses you. x2
You puncture the ogre! Your headbutt misses the ogre.
The ogre is severely wounded.
The ufetubus hits you.
* * * LOW HITPOINT WARNING * * *
The ufetubus completely misses you.
The ogre hits you with a +0 giant club!!
Ouch! That really hurt!
You die... ▓▓▓▓▓▓▓▓▓▓▓▓▓▓▓▓▓▓ ▓<...)..†5@OYg...+ ▓▓▓▓▓▓▓▓▓▓▓▓▓▓▓▓▓▓

You could see an ice beast, an ogre, a gnoll and an ufetubus.

Vanquished Creatures
  A dart slug (D)
  An orc (D)
  An endoplasm (D)
  A kobold (D)
  2 bats (D)
6 creatures vanquished.

Notes
Turn   | Place    | Note
-------+----------+-------------------------------------------
     0 | D        | Heoruswealwe the Minotaur Fighter began the quest for the
                  | Orb.
     0 | D        | Reached XP level 1. HP: 19/19 MP: 0/0
    93 | D        | Noticed an ogre
    93 | D        | Noticed an ice beast
    96 | D        | Reached XP level 2. HP: 22/28 MP: 1/1
    98 | D        | HP: 1/28 [ogre/+0 giant club (26)]
   100 | D        | Demolished by an ogre

Illustrated notes

Levels and vault maps discovered:
D:        linesprint [early_d, line_temple, items_1, d_10, items_2, lair_1,
          lair_end, items_3, orc_1, orc_end, items_4, d_15, swamp_1, shoals_1,
          snake_1, spider_1, d_20, vaults_1, items_5, swamp_end, shoals_end,
          snake_end, spider_end, vaults_end, d_27, items_6, zot_1, zot_end,
          crypt_end, forest_end, elf_end, slime_end, tomb_end, abyss_end,
          pan_hell_end]

Skill      XL: |  1 |
---------------+----+-----
Polearms       | 4 |  4.3
Fighting       | 4 |  4.4
Armour         | 4 |  4.4
Shields        | |  3.6

Action                     || total
---------------------------++-------
  Melee: Trident           ||    16
         Headbutt          ||     2
    Use: Potion            ||     2
 Armour: Scale mail        ||    19
  Dodge: Dodged            ||     9
  Block: Buckler           ||     6
